 Dungeon Crawl Stone Soup version 0.19-a0-442-g8935a21 (webtiles) character file.

694 Mysteryquy the Shield-Bearer (level 7, -10/44 HPs)
             Began as a Gargoyle Fighter on June 1, 2016.
             Was an Initiate of Qazlal.
             Killed from afar by Dowan (22 damage)
             ... with a shard of ice
             ... on level 4 of the Dungeon on June 2, 2016.
             The game lasted 00:06:35 (2998 turns).

Mysteryquy the Shield-Bearer (Gargoyle Fighter)     Turns: 2998, Time: 00:06:36

Health: -10/44     AC: 12    Str: 22    XL:     7   Next: 64%
Magic:  7/7        EV:  9    Int:  8    God:    Qazlal [......]
Gold:   223        SH: 10    Dex:  9    Spells: 0 memorised, 6 levels left

rFire  . . .     SeeInvis .     a - +0 flail
rCold  . . .     Gourm    .     b - +0 scale mail
rNeg   + . .     Faith    .     c - +0 shield
rPois  ∞         Spirit   .     (no helmet)
rElec  +         Dismiss  .     (no cloak)
rCorr  .         Reflect  .     (no gloves)
SustAt .         Harm     .     (no boots)
MR     .....                    (no amulet)
Stlth  ..........               (no ring)
                                (no ring)

@: not resistant to hostile enchantments, extremely unstealthy
A: claws 1, negative energy resistance 1, electricity resistance, unbreathing,
petrification resistance, rot immunity, AC +4
a: Renounce Religion


You were on level 4 of the Dungeon.
You worshipped Qazlal.
Qazlal was noncommittal.
You were very hungry.

You visited 2 branches of the dungeon, and saw 5 of its levels.
You also visited: Sewer.

You collected 223 gold pieces.

Inventory:

Hand Weapons
 a - a +0 flail (weapon)
Armour
 b - a +0 scale mail (worn)
 c - a +0 shield (worn)
Jewellery
 u - an uncursed amulet of dismissal {unknown}
Scrolls
 d - a scroll of recharging {unknown}
 e - 6 scrolls of identify {unknown}
 i - a scroll of fear {unknown}
 m - 5 scrolls of teleportation {unknown}
 p - a scroll of random uselessness {unknown}
 r - a scroll of enchant weapon {unknown}
Potions
 g - 4 potions of curing
 h - a potion of heal wounds
 l - a potion of lignification {unknown}
 n - a potion of flight {unknown}
 o - a potion of berserk rage {unknown}
 q - a potion of invisibility {unknown}
Books
 t - a book of Maledictions

   Spells                             Type                      Level
   a - Corona                         Hexes                        1
   b - Ensorcelled Hibernation        Hexes/Ice                    2
   c - Confuse                        Hexes                        3
   d - Tukima's Dance                 Hexes                        3
   e - Dazzling Spray                 Conjuration/Hexes            3
Comestibles
 f - a bread ration
 j - 8 fruits
 k - 2 meat rations
 s - 2 beef jerkies
 v - a royal jelly


   Skills:
 + Level 4.8 Fighting
 + Level 3.4 Maces & Flails
 + Level 4.6 Armour
 + Level 3.1 Dodging
 - Level 0.2 Stealth
 + Level 5.9 Shields


You had 6 spell levels left.
You didn't know any spells.

Dungeon Overview and Level Annotations

Branches:
Dungeon (4/15)             Temple (1/1) D:4

Altars:
Ashenzari
Cheibriados
Dithmenos
Elyvilon
Gozag
Kikubaaqudgha
Makhleb
Nemelex Xobeh
Qazlal
Sif Muna
Trog
Uskayaw
Vehumet
Xom
Yredelemnul
Zin
The Shining One

Annotations:
D:4 Dowan


Innate Abilities, Weirdness & Mutations

You are resistant to torment.
Your stone body is resilient. (AC +4)
You are immune to poison.
You resist negative energy. (rN+)
You are resistant to electric shocks. (rElec)
You can survive without breathing.
You are immune to petrification.
You are immune to rotting.
You have sharp fingernails.


Message History

Dowan is severely wounded.
Dowan barely misses you.
Dowan breathes, "And she was my only..."
Dowan mumbles some strange words.
Dowan blinks!
Dowan hits you but does no damage.
You hit Dowan.
Dowan is severely wounded.
Dowan hits you but does no damage. You block Dowan's attack.
You hit Dowan but do no damage.
Dowan is severely wounded.
Dowan gestures wildly while chanting.
Dowan blinks!
Dowan mumbles some strange words.
Dowan blinks!
Dowan breathes, "And she was my only..."
Dowan casts a spell at you. The shard of ice hits you!
Ouch! That really hurt!
You die...

############
##..........###########
...########.##..@.)...#
##.#..<........######.#
##.#.##......e....... ..
...#.##.##......#....
.>.
##...##.##.♣.♣..#.###
###
##.####.##..>...#.###.<
##.####.##.♣.♣......<..
.<......##......#.###...
##.#######.#.......# ..#


You could see Dowan.

Vanquished Creatures
  Sigmund (D:2)
  Duvessa (D:4)
  Purgy (D:3)
  An ogre (D:4)
  A scorpion (D:4)
  A hound (D:3)
  2 howler monkey skeletons
  3 adders
  2 river rats (D:3)
  2 oozes
  An adder skeleton (D:4)
  A worm (D:4)
  4 dart slugs
  A giant gecko (D:3)
  An orc (D:3)
  7 giant cockroaches
  8 goblins
  10 hobgoblins
  2 jackals (D:1)
  9 kobolds
  A quokka (D:3)
  A ball python (D:1)
  9 bats
  4 giant newts
  A jackal skeleton (D:4)
  A quokka skeleton (D:4)
  12 rats
88 creatures vanquished.

Notes
Turn   | Place    | Note
--------------------------------------------------------------
     0 | D:1      | Mysteryquy the Gargoyle Fighter began the quest for the Orb.
     0 | D:1      | Reached XP level 1. HP: 14/14 MP: 1/1
   103 | D:1      | Reached XP level 2. HP: 8/19 MP: 2/2
   492 | D:1      | Reached XP level 3. HP: 24/24 MP: 3/3
   843 | D:2      | Found a white marble altar of Elyvilon.
  1032 | D:2      | Found a shattered altar of Ashenzari.
  1155 | D:2      | Reached XP level 4. HP: 29/29 MP: 4/4
  1235 | D:2      | Noticed Sigmund
  1258 | D:2      | Killed Sigmund
  1258 | D:2      | Reached skill level 1 in Dodging
  1258 | D:2      | Reached skill level 4 in Shields
  1258 | D:2      | Reached XP level 5. HP: 20/33 MP: 5/5
  1366 | D:2      | Reached XP level 6. HP: 37/38 MP: 6/6
  1446 | D:2      | Found a burning altar of Makhleb.
  1769 | D:3      | Found a glowing drain.
  1825 | Sewer    | Entered a sewer
  1916 | Sewer    | Noticed Purgy
  1967 | D:3      | Gained mutation: You have sharp fingernails. [potion of beneficial mutation]
  1989 | D:3      | Killed Purgy
  1989 | D:3      | Reached skill level 5 in Shields
  2394 | D:4      | Reached XP level 7. HP: 44/44 MP: 7/7
  2396 | D:4      | Found a staircase to the Ecumenical Temple.
  2406 | Temple   | Entered the Ecumenical Temple
  2469 | Temple   | Became a worshipper of Qazlal Stormbringer
  2631 | D:4      | Found a shimmering altar of Xom.
  2967 | D:4      | Noticed Duvessa
  2967 | D:4      | Noticed Dowan
  2981 | D:4      | Killed Duvessa
  2998 | D:4      | Killed from afar by Dowan

Vault maps used:
D:1:      minmay_arrival_stair_chambers
D:2:      nicolae_overflow_hidden_temple, lightli_temple_of_fire, uniq_sigmund
D:3:      portal_sewer_entry_b
D:4:      xom_teletrap_fun, marbit_many_paths, minmay_temple_entry_trees,
          first_bread, uniq_duvessa
Temple:   nicolae_temple_god_jail
Sewer:    kennysheep_door_sewer

Skill      XL: |  1  2  3  4  5  6  7 |
---------------+----------------------+-----
Fighting       | 4 |  4.8
Maces & Flails | 3 |  3.4
Armour         | 4 |  4.6
Dodging        | 1 2 3 |  3.1
Shields        | 4 5 |  5.9
Stealth        | |  0.2

Action                   |  1- 3 |  4- 6 |  7- 9 || total
-------------------------+-------+-------+-------++-------
Melee: Flail             |   125 |   173 |    61 ||   359
  Use: Potion            |       |     5 |       ||     5
  Eat: Chunk             |     1 |     4 |     1 ||     6
Armor: Scale mail        |    56 |   158 |    20 ||   234
Dodge: Dodged            |    29 |   113 |    26 ||   168
Block: Shield            |    65 |   145 |    29 ||   239
